 Dungeon Crawl Stone Soup version 0.29.1-15-g9cfb28693d (webtiles) character file.

Game seed: 17625813151902781794

74 EarthwalkerPL the Covered (level 4, -2/41 HPs)
             Began as a Minotaur Fighter on Mar 12, 2023.
             Succumbed to Sigmund's poison
             ... on level 2 of the Dungeon.
             The game lasted 00:01:32 (1247 turns).

EarthwalkerPL the Covered (Minotaur Fighter)        Turns: 1247, Time: 00:01:33

Health: -2/41      AC:  8    Str: 23    XL:     4   Next: 10%
Magic:  3/3        EV:  8    Int:  5    God:
Gold:   70         SH:  0    Dex:  9    Spells: 3/3 levels left

rFire   . . .      SeeInvis .   a - +0 war axe
rCold   . . .      Faith    .   j - +0 kite shield
rNeg    . . .      Spirit   .   b - +0 scale mail
rPois   .          Reflect  .   (helmet restricted)
rElec   .          Harm     .   (no cloak)
rCorr   .          Rampage  .   (no gloves)
Will    .....                   g - +0 pair of boots
Stlth   ..........              (no amulet)
HPRegen 0.13/turn               (no ring)
MPRegen 0.08/turn               (no ring)

@: confused, lethally poisoned (-2 -> -32), invisible
A: horns 2, retaliatory headbutt
a: no special abilities


You were on level 2 of the Dungeon.
You visited 1 branch of the dungeon, and saw 2 of its levels.

You collected 70 gold pieces.

Inventory:

Hand Weapons
 a - a +0 war axe (weapon)
Armour
 b - a +0 scale mail (worn)
 c - a +0 buckler
 g - a +0 pair of boots (worn)
 j - a +0 kite shield (worn)
Scrolls
 e - 3 scrolls of noise {unknown}
 h - a scroll of teleportation {unknown}
 i - a scroll of enchant armour {unknown}
 k - a scroll of blinking {unknown}
 l - a scroll of amnesia {unknown}
Potions
 d - a potion of might
 m - a potion of curing {unknown}


   Skills:
 * Level 4.3 Fighting
 * Level 3.5 Axes
 * Level 4.4 Armour
 * Level 4.1 Shields


You had 3 spell levels left.
You didn't know any spells.
Your spell library contained the following spells:

 Spells                   Type           Power      Damage    Failure   Level
 Ozocubu's Armour         Ice            0%         N/A       100%        3
 Ozocubu's Refrigeration  Ice            0%         4d7       100%        7


Dungeon Overview and Level Annotations

Branches:
Dungeon (2/15)

Altars:

Annotations:
D:2 Sigmund


Innate Abilities, Weirdness & Mutations

You have a pair of horns on your head.
You reflexively headbutt those who attack you in melee.


Message History

m - a bubbling grey potion An endoplasm comes into view.
The endoplasm quivers.
You slash the endoplasm!
You kill the endoplasm!
No target in view!
You now have 65 gold pieces (gained 17).
You now have 70 gold pieces (gained 5).
Sigmund the Dreaded comes into view.
He is wielding a +2 scythe of venom and carrying a wand of polymorph (6).
Sigmund shouts!
Sigmund hits you from afar with a +2 scythe of venom.
You are poisoned.
You see here a scroll labelled KAD OFADWEVUME.
You feel sick.
You barely miss Sigmund. You headbutt Sigmund.
Sigmund is lightly wounded.
You feel very sick.
Sigmund points at you and mumbles some strange words.
You are confused.
Sigmund hits you but does no damage.
You are more poisoned.
You bump into the rock wall.
You feel very sick.
You hit Sigmund but do no damage.
Sigmund is lightly wounded.
You feel very sick. Sigmund gestures at you while chanting.
The magic dart hits you but does no damage.
Sigmund hits you with a +2 scythe of venom!
You are lethally poisoned!
You feel very sick.
* * * LOW HITPOINT WARNING * * *
You feel very sick.
Sigmund hits you from afar with a +2 scythe of venom!
* * * LOW HITPOINT WARNING * * *
You are more poisoned.
You see here a scroll labelled KAD OFADWEVUME.
It was a potion of invisibility.
You fade into invisibility!
You die...

#. #. # #. .#
###.###########.
###.....@.# ..#..
..#.##..#.# #.#.# #######
#.#?....#@..#.#.# .†....#
#.####.######...##
#####.###.#..#...........#
..........#..###########.#
####.###.....#.........#.#
#.....#.###.#.#####.###.#
#.#####.#...#.# #.....#


You could see Sigmund (unable to see you).

Vanquished Creatures
  4 gnolls
  A dart slug (D:2)
  3 ball pythons (D:1)
  A bat (D:1)
  3 endoplasms
  2 giant cockroaches
  3 goblins (D:1)
  6 hobgoblins
  A quokka (D:2)
  A frilled lizard (D:1)
  3 kobolds (D:1)
  6 rats (D:1)
34 creatures vanquished.

Vanquished Creatures (others)
  2 fungi (D:1)
2 creatures vanquished.

Grand Total: 36 creatures vanquished

Notes
Turn   | Place    | Note
-------+----------+-------------------------------------------
     0 | D:1      | EarthwalkerPL the Minotaur Fighter began the quest for the
                  | Orb.
     0 | D:1      | Reached XP level 1. HP: 19/19 MP: 0/0
    96 | D:1      | Reached XP level 2. HP: 27/27 MP: 1/1
   281 | D:1      | Found a faded altar of an unknown god.
   667 | D:1      | Reached XP level 3. HP: 24/33 MP: 2/2
   962 | D:2      | Reached XP level 4. HP: 29/40 MP: 3/3
  1240 | D:2      | Noticed Sigmund
  1247 | D:2      | Succumbed to Sigmund's poison

Illustrated notes

Levels and vault maps discovered:
D:1:      lemuel_arrival_muddy, layout_basic,
          shapermc_ecumenical_altar_acropolis, minivault_11, minmay_ruptured
D:2:      layout_basic, grunt_ministairs_7, uniq_natasha, uniq_sigmund

Skill      XL: |  1  2  3 |
---------------+----------+-----
Armour         | 4 |  4.4
Axes           | 3 |  3.5
Fighting       | 4 |  4.3
Shields        | 4 |  4.1

Action                   |  1- 3 |  4- 6 || total
-------------------------+-------+-------++-------
Melee: War axe           |    51 |     8 ||    59
       Headbutt          |     6 |     2 ||     8
  Use: Potion            |       |     1 ||     1
Armor: Scale mail        |    20 |     3 ||    23
Dodge: Dodged            |    26 |     2 ||    28
Block: Buckler           |     6 |     2 ||     8
